 Dungeon Crawl Stone Soup version 0.31-a0-18-gea43df2a32 (webtiles) character file.

Game seed: 1356426111030024238

375 graymark the Trooper (level 6, -12/57 HPs)
             Began as a Naga Fighter on May 12, 2023.
             Was an Initiate of Makhleb.
             Killed from afar by Dowan (23 damage)
             ... with a shard of ice
             ... on level 4 of the Dungeon on May 15, 2023.
             The game lasted 00:13:09 (3784 turns).

graymark the Trooper (Naga Fighter)                 Turns: 3784, Time: 00:13:11

Health: -12/57     AC:  5    Str: 20    XL:     6   Next: 73%
Magic:  6/6        EV:  8    Int:  9    God:    Makhleb [......]
Gold:   69         SH:  5    Dex: 10    Spells: 5/5 levels left

rFire   . . .        a - +1 war axe
rCold   . . .        c - +1 buckler
rNeg    . . .        b - +0 scale mail
rPois   +            (no helmet)
rElec   .            (no cloak)
rCorr   .            (no gloves)
SInv    +            (no barding)
Will    .....        (no amulet) Stlth
                     (no ring)
HPRegen 0.29/turn    (no ring)
MPRegen 0.10/turn

%: no passive effects
@: very slow
A: AC +2, large, see invisible, deformed body, poison resistance, slowness 2,
spit poison 1, naga tail 1
a: Spit Poison, Renounce Religion


You were on level 4 of the Dungeon.
You worshipped Makhleb.
Makhleb was noncommittal.
You visited 2 branches of the dungeon, and saw 6 of its levels.

You collected 192 gold pieces.
You spent 123 gold pieces at shops.

Inventory:

Hand Weapons
 a - a +1 war axe (weapon)
Armour
 b - a +0 scale mail (worn)
 c - a +1 buckler (worn)
Magical Staves
 n - a staff of air
Jewellery
 h - a +5 ring of evasion
Wands
 j - a wand of acid (7)
 l - a wand of charming (12)
Scrolls
 d - 2 scrolls of poison
 e - a scroll of blinking {unknown}
 f - 2 scrolls of teleportation
 i - a scroll of fear {unknown}
Potions
 g - a potion of berserk rage {unknown}
 k - a potion of ambrosia {unknown}
 m - a potion of lignification {unknown}


   Skills:
 + Level 4.0 Fighting
 + Level 3.3 Axes
 + Level 3.2 Armour
 * Level 3.0 Dodging
 + Level 3.6 Shields


You had 5 spell levels left.
You didn't know any spells.
Your spell library contained the following spells:

 Spells                   Type           Power      Damage    Failure   Level
 Sting                    Tmut/Pois      0%         1d3       82%         1
 Poisonous Vapours        Pois/Air       0%         N/A       91%         2
 Olgreb's Toxic Radiance  Pois           0%         N/A       100%        4


Dungeon Overview and Level Annotations

Branches:
Dungeon (5/15)             Temple (1/1) D:4

Altars:
Ashenzari
Cheibriados
Dithmenos
Elyvilon
Fedhas
Gozag
Kikubaaqudgha
Makhleb
Nemelex Xobeh
Okawaru
Qazlal
Ru
Sif Muna
Trog
Uskayaw
Vehumet
Wu Jian
Xom
Yredelemnul
Zin
The Shining One

Shops:
D:2 [   D:3 ?

Annotations:
D:4 Dowan


Innate Abilities, Weirdness & Mutations

Your serpentine skin is tough. (AC +2)
You have supernaturally acute eyesight. (SInv)
Armour fits poorly on your strangely shaped body.
Your system is resistant to poisons. (rPois)
You cover ground very slowly.
You can spit poison.
You have a snake-like lower body.


Message History

Dowan shouts!
Dowan seems to find hidden reserves of power!
You closely miss Dowan. Dowan barely misses you.
Dowan hits you but does no damage.
You closely miss Dowan.
Dowan points at you and mumbles some strange words.
The shard of ice hits you! Dowan hits you but does no damage.
Dowan hits you with a +0 dagger.
You barely miss Dowan. Dowan hits you with a +0 dagger.
You closely miss Dowan. Dowan barely misses you. Dowan casts a spell at you.
The shard of ice misses you. Dowan hits you but does no damage.
You closely miss Dowan. Dowan hits you with a +0 dagger.
Dowan gestures wildly while chanting.
Dowan blinks!
You see here a +0 scale mail.
You start resting.
Dowan is nearby!
You start resting.
Dowan says, "Her death will not be in vain!"
Dowan gestures wildly while chanting.
Dowan blinks!
You miss Dowan.
Dowan points at you and mumbles some strange words.
The stone arrow misses you. You block Dowan's attack.
Dowan hits you with a +0 dagger. You block Dowan's attack.
You slash Dowan!
Dowan is moderately wounded.
You block Dowan's attack. Dowan hits you but does no damage.
You closely miss Dowan.
Dowan is moderately wounded.
Dowan hits you with a +0 dagger. x2
You slash Dowan!
Dowan is severely wounded.
Dowan casts a spell at you. The shard of ice hits you!
* * * LOW HITPOINT WARNING * * *
Dowan casts a spell at you. The shard of ice hits you!!
You die...

.... .... ..... ..... #####
...... #...# ......#### #.e.#
###### .........# #.@.# #.....
###.......####[..##########.....
..........e.................>...
..#.......#################.....
#.........#.. >..........8>8
##.......#.# ########.#.###
#.......#.# #.#.# #####.###.#
#.#.# #####..##.# #.#.#


You could see Dowan (fast).

Vanquished Creatures
  Duvessa (D:4)
  A hound (D:5)
  Ijyb (D:3)
  2 orc wizards (D:3)
  5 adders
  4 worms
  5 dart slugs
  13 orcs (D:3)
  11 endoplasms
  9 goblins
  3 hobgoblins
  5 jackals (D:2)
  12 kobolds
  A quokka (D:4)
  2 ball pythons
  2 bats (D:1)
  3 frilled lizards
  10 rats
90 creatures vanquished.

Vanquished Creatures (others)
  A hobgoblin (D:3)
  A kobold (D:3)
2 creatures vanquished.

Grand Total: 92 creatures vanquished

Notes
Turn   | Place    | Note
-------+----------+-------------------------------------------
     0 | D:1      | graymark the Naga Fighter began the quest for the Orb.
     0 | D:1      | Reached XP level 1. HP: 21/21 MP: 1/1
    48 | D:1      | Reached XP level 2. HP: 13/28 MP: 2/2
   250 | D:1      | Reached skill level 1 in Dodging
   301 | D:1      | Reached XP level 3. HP: 28/34 MP: 3/3
   836 | D:2      | Found Xucregeq's Armour Shop.
   945 | D:2      | Found the +18 Lear's hauberk
  1061 | D:2      | Reached XP level 4. HP: 30/42 MP: 4/4
  2018 | D:3      | Noticed Ijyb
  2031 | D:3      | Killed Ijyb
  2032 | D:3      | Reached XP level 5. HP: 34/49 MP: 5/5
  2072 | D:3      | HP: 1/49 [hobgoblin (2)]
  2465 | D:3      | Found a sacrificial altar of Ru.
  2483 | D:3      | Reached XP level 6. HP: 56/57 MP: 6/6
  2788 | D:3      | Found Quhereto's Magic Scroll Boutique.
  2791 | D:3      | Bought a scroll of enchant armour for 97 gold pieces
  2791 | D:3      | Bought a scroll of identify for 26 gold pieces
  2934 | D:4      | Noticed Duvessa
  2934 | D:4      | Noticed Dowan
  2957 | D:4      | Killed Duvessa
  3137 | D:4      | You fall into a shaft and drop 1 floor!
  3137 | D:5      | Entered Level 5 of the Dungeon
  3155 | D:5      | Reached skill level 4 in Fighting
  3374 | D:4      | Found a staircase to the Ecumenical Temple.
  3379 | Temple   | Entered the Ecumenical Temple
  3714 | Temple   | Became a worshipper of Makhleb the Destroyer
  3784 | D:4      | Killed from afar by Dowan

Illustrated notes

Levels and vault maps discovered:
D:1:      minmay_arrival_loop, layout_rooms, minmay_misc_feat_x,
          hangedman_feature_mirror, lexackson_kobold_supper
D:2:      layout_loops_ring, serial_shops, shop, minmay_misc_feat_roman,
          hex_large
D:3:      layout_rooms, nicolae_ru_great_annihilating_truth, serial_shops,
          nicolae_shop_rolled_up, uniq_ijyb
D:4:      layout_basic, temple_statues, uniq_duvessa
D:5:      layout_loops_ring, grunt_decor_junction
Temple:   mainiacjoe_temple_cubbyholes

Skill      XL: |  1  2  3  4  5  6 |
---------------+-------------------+-----
Dodging        | 1 2 3 |  3.0
Shields        | 3 |  3.6
Axes           | 3 |  3.3
Armour         | 3 |  3.2
Fighting       | 4 |  4.0

Action                     |  1- 3 |  4- 6 || total
---------------------------+-------+-------++-------
  Melee: War axe           |   108 |   166 ||   274
Ability: Spit Poison       |     2 |     4 ||     6
    Use: Scroll            |     5 |     3 ||     8
         Potion            |     1 |     4 ||     5
   Stab: Paralysed         |       |     1 ||     1
 Armour: Scale mail        |    38 |    51 ||    89
  Dodge: Dodged            |    36 |    69 ||   105
  Block: Buckler           |    23 |    34 ||    57

Table legend: (Time is in decaauts)
 A = Elapsed time spent in this place.
 B = Non-inter-level travel time spent in this place.
 C = Inter-level travel time spent in this place.
 D = Time resting spent in this place.
 E = Time spent auto-exploring this place.
 F = Levels seen in this place.
 G = Mean time per level.
                   A        B        C        D        E       F      G
               +--------+--------+--------+--------+--------+-----+--------+
         Total |   4842 |   4511 |    331 |    695 |   2811 |   6 |  807.0 |
       Dungeon |   4356 |   4111 |    245 |    695 |   2416 |   5 |  871.2 |
        Temple |    485 |    399 |     86 |      0 |    395 |   1 |  485.0 |
               +--------+--------+--------+--------+--------+-----+--------+

Top non-repeatable levels by time:
     D:2: 1544 daAuts
     D:1: 1087 daAuts
     D:3: 1044 daAuts
  Temple: 485 daAuts
     D:4: 425 daAuts
     D:5: 253 daAuts
